Drae, chaotic female elven Wizard ------- -------- -------------- ##..{...| -------------- ##|.....>|####.............| # |...<.| |............| # |..{...|# # |............|### |.....| |.............##[# -----|--# ##.............|# -.----- |............| ########## |.............# ################ |............| ##.............| # --.-- |............+ # -------------- ### #....| -------------- ### # ###|...| ------# -+--- # |...| |....|# |.....##@### ----- |....|# |..! |....|# |. |....|# -- |....-# |....| ------ Drae the Conjurer Experience level: 4 Strength: 12 Dexterity: 14 Constitution: 17 Intelligence: 20 Wisdom: 10 Charisma: 9 Health: 19(26) Energy: 47(47) Def: 1 Gold: 517 Moves: 2813 Dungeon seed: J2-wpuVH1yvJHMZt Game ID: Drae_1464008729 Your Inventory: Coins $ - 517 gold pieces Weapons a - a blessed +1 quarterstaff (weapon in hands) o - 21 +0 darts p - a +0 elven spear Armor e - an uncursed +0 cloak of magic resistance (being worn) Scrolls i - 2 uncursed scrolls of light j - 2 uncursed scrolls of identify k - an uncursed scroll of gold detection q - an uncursed scroll of destroy armor K - a blessed scroll of confuse monster Spellbooks l - a blessed spellbook of force bolt m - an uncursed spellbook of light Potions f - an uncursed potion of monster detection g - an uncursed potion of blindness Rings c - an uncursed ring of see invisible (on left hand) d - an uncursed +2 ring of gain constitution (on right hand) Wands b - a wand of magic missile (0:5) A - a wand of create monster (0:11) Tools n - an uncursed wooden harp Spells and supernatural/magical abilities: Name Level Category Fail Memory a - force bolt 1 attack 0% 86% l - light 1 divination 0% 86% W - pray for help -- divine ? -- Your skills at the end: Fighting Skills Weapon Skills quarterstaff [Basic] Spellcasting Skills attack spells [Basic] enchantment spells [Basic] Final Attributes: You were piously aligned. You were sleep resistant. You were magic-protected. You saw invisible. You had infravision. You are dead. Vanquished creatures: a rock piercer a kobold mummy a giant ant an iguana 2 acid blobs a hobbit 2 manes a large kobold a yellow mold a green mold 2 red molds 3 geckos 3 jackals a fox 2 kobolds a goblin 2 sewer rats 6 grid bugs 3 lichens 6 newts 41 creatures vanquished. Voluntary challenges: You had followed a strict vegetarian diet until turn 2577. You were an atheist. You used a wielded weapon 53 times, starting on turn 67. You read items or engraved 2 times, starting on turn 1002. You never genocided any monsters. You never polymorphed an object. You never changed form. You used no wishes. You never split a pudding. You never wrote Elbereth's name. You never violated your personal moral code. Dungeon overview: The Dungeons of Doom: levels 1 to 6 Level 1 a fountain a long staircase Level 2 Level 3 a fountain, a sink Level 4 Level 5 a potion shop Level 6 <- You were here some fountains History has recorded: On T:1 you entered the Dungeons of Doom to retrieve the Amulet of Yendor! On T:605 you advanced to experience level 2. On T:810 you reached level 2 of The Dungeons of Doom. On T:876 you reached level 4 of The Dungeons of Doom. On T:970 you reached level 5 of The Dungeons of Doom. On T:995 you reached level 3 of The Dungeons of Doom. On T:1072 you advanced to experience level 3. On T:1959 you advanced to experience level 4. On T:2570 you reached level 6 of The Dungeons of Doom. Score breakdown: Gold: 517 ( 9233 points) Experience: 4 levels ( 9649 points) Exploration: 6 levels ( 12.77%) ( 9890 points) Discoveries: 2 items ( 0.72%) ( 2553 points) Valuables value: (no points given unless you survive) Artifact value: 0 ( 0 points) Variety of kills: 20 monsters ( 5.25%) ( 6873 points) Turncount: 2813 turns ( -504 points) Survival: died (score multiplied by 80%) Total score: 30155 Latest messages: You feel tough! You must be leading a healthy life-style. You die from your illness. Final status: Goodbye Drae the Wizard, poisoned by a rotted gecko corpse... You were poisoned in The Dungeons of Doom on dungeon level 6 with 30155 points, and 517 pieces of gold, after 2813 moves. You were level 4 with a maximum of 26 hit points when you were poisoned.